MAA
PORTSMOUTH COASTIES @ BELVEDERE PARK RAWHIDES
08/04/2017
 
TOP OF THE 1ST
Elkford Roadrunners batting - Pitching for Colorado Springs Velocity : RHP Roberto Rodríguez
Pitching: RHP Roberto Rodríguez
Batting: LHB Lance Schiffer 0-0: Called Strike
0-1: Ball
1-1: Called Strike
1-2: SINGLE (Line Drive, 89M)
Batting: RHB Jim Unknown 0-0: Called Strike
0-1: Ball
1-1: Ball
2-1: SINGLE (Line Drive, 6M)
Lance Schiffer to second
Batting: RHB Luis Silva 0-0: Ball
1-0: Foul Ball, location: 2F
1-1: Swinging Strike
1-2: Ball
2-2: DOUBLE (Groundball, 3L)
Lance Schiffer scores
Jim Unknown to third
Batting: RHB Cal Jackson 0-0: Called Strike
0-1: Ball
1-1: Swinging Strike
1-2: Strikes out swinging
Batting: LHB Johnny Hernández 0-0: Called Strike
0-1: Called Strike
0-2: Foul Ball, location: 2F
0-2: Strikes out swinging
Batting: RHB Jack O'Brien 0-0: Called Strike
0-1: SINGLE (Line Drive, 89S)
Jim Unknown scores
Luis Silva to third
Runner from 3rd tries for Home, SAFE, no throw or cutoff
Batting: RHB Roberto Andrade 0-0: Fly out, F5 (Popup, 56S)
Top of the 1st over - 3 run(s), 4 hit(s), 0 error(s), 1 left on base; Elkford 3 - Colorado Springs 0
BOTTOM OF THE 1ST
Colorado Springs Velocity batting - Pitching for Elkford Roadrunners : RHP Warren Roberts
Pitching: RHP Warren Roberts
Batting: RHB Marcos Rivera 0-0: Fly out, F3 (Popup, 3S)
Batting: SHB Jack Bell 0-0: Called Strike
0-1: Swinging Strike
0-2: Fly out, F7 (Flyball, 7M)
Batting: LHB Gregory Johnson 0-0: Swinging Strike
0-1: Swinging Strike
0-2: Ball
1-2: Foul Ball, location: 2F
1-2: Foul Ball, location: 2F
1-2: Ball
2-2: SINGLE (Line Drive, 56D)
Batting: RHB Robert Hill 0-0: Called Strike
0-1: Foul Ball, location: 2F
0-2: Strikes out swinging
Bottom of the 1st over - 0 run(s), 1 hit(s), 0 error(s), 1 left on base; Elkford 3 - Colorado Springs 0
TOP OF THE 2ND
Elkford Roadrunners batting - Pitching for Colorado Springs Velocity : RHP Roberto Rodríguez
Batting: SHB Al Anderson 0-0: Swinging Strike
0-1: Foul Ball, location: 2F
0-2: Ball
1-2: Strikes out swinging
Batting: RHB Jim Unknown 0-0: Ball
1-0: Swinging Strike
1-1: Foul Ball, location: 2F
1-2: Ball
2-2: SINGLE (Groundball, 56)
Batting: LHB Lance Schiffer 0-0: Called Strike
0-1: Foul Ball, location: 2F
0-2: Strikes out looking
Batting: RHB Jim Unknown 0-0: Ball
Jim Unknown is caught stealing 2nd base
Top of the 2nd over - 0 run(s), 1 hit(s), 0 error(s), 0 left on base; Elkford 3 - Colorado Springs 0
BOTTOM OF THE 2ND
Colorado Springs Velocity batting - Pitching for Elkford Roadrunners : RHP Warren Roberts
Batting: RHB Dave Waller 0-0: Ball
1-0: Foul Ball, location: 2F
1-1: Ball
2-1: Swinging Strike
2-2: Foul Ball, location: 2F
2-2: SINGLE (Groundball, 4MD)
Batting: RHB Ralph Johnson 0-0: Ball
1-0: Ball
2-0: Foul Ball, location: 2F
2-1: Fielders Choice at 2nd, 6-4 (Groundball, 6M)
Batting: RHB Tim Mayfield 0-0: Ball
1-0: Ball
2-0: DOUBLE (Line Drive, 7LM)
Ralph Johnson to third
Runner from 3rd tries for Home, SAFE, no throw or cutoff
Batting: LHB Víctor Cedeño 0-0: Called Strike
Tim Mayfield is caught stealing 3rd base
0-1: Ball
1-1: SINGLE (Groundball, 15) (infield hit)
Batting: RHB Jim Unknown 0-0: 2-RUN HOME RUN (Flyball, 7D), Distance : 380 ft
Batting: RHB Marcos Rivera 0-0: Foul Ball, location: 2F
0-1: Ground out 5-3 (Groundball, 56)
Bottom of the 2nd over - 3 run(s), 4 hit(s), 0 error(s), 0 left on base; Elkford 3 - Colorado Springs 3
TOP OF THE 3RD
Elkford Roadrunners batting - Pitching for Colorado Springs Velocity : RHP Roberto Rodríguez
Batting: RHB Jim Unknown 0-0: SINGLE (Groundball, 56D)
Batting: RHB Luis Silva 0-0: Ball
1-0: SINGLE (Line Drive, 4M)
Jim Unknown to second
Batting: RHB Cal Jackson 0-0: Foul Ball, location: 2F
0-1: Ball
1-1: Ball
2-1: Ball
3-1: SINGLE (Groundball, 34D)
Jim Unknown to third
Luis Silva to second
Batting: LHB Johnny Hernández 0-0: Foul Ball, location: 2F
0-1: Swinging Strike
0-2: SINGLE (Groundball, 56D)
Jim Unknown scores
Luis Silva to third
Cal Jackson to second
Batting: RHB Jack O'Brien 0-0: Ball
1-0: Called Strike
1-1: Fly out, F7 (Line Drive, 7M)
Throwing error, E7
Luis Silva scores
Cal Jackson to third
Johnny Hernández to second
Pitching: RHP Raúl Hughes
Batting: RHB Roberto Andrade 0-0: Ball
1-0: Called Strike
1-1: Ball
2-1: Foul Ball, location: 2F
2-2: SINGLE (Flyball, 4D)
Cal Jackson scores
Johnny Hernández to third
Batting: SHB Al Anderson 0-0: Ball
1-0: Foul Ball, location: 2F
1-1: Foul Ball, location: 2F
1-2: Strikes out swinging
Batting: RHB Jim Unknown 0-0: Foul Ball, location: 2F
0-1: Ball
1-1: Ball
2-1: Ball
3-1: Foul Ball, location: 2F
3-2: Base on Balls
Roberto Andrade to second
Batting: LHB Lance Schiffer 0-0: Foul Ball, location: 2F
0-1: Ball
1-1: Ball
2-1: Foul Ball, location: 2F
2-2: Strikes out swinging
Top of the 3rd over - 3 run(s), 5 hit(s), 1 error(s), 3 left on base; Elkford 6 - Colorado Springs 3
BOTTOM OF THE 3RD
Colorado Springs Velocity batting - Pitching for Elkford Roadrunners : RHP Warren Roberts
Batting: SHB Jack Bell 0-0: Called Strike
0-1: Ball
1-1: SINGLE (Groundball, 56D) (infield hit)
Batting: LHB Gregory Johnson 0-0: Ball
1-0: Swinging Strike
1-1: Ball
2-1: Ball
Wild Pitch!
Jack Bell to second
3-1: SINGLE (Groundball, 34D)
Jack Bell to third
Runner from 3rd tries for Home, SAFE, no throw or cutoff
Batting: RHB Robert Hill 0-0: Ball
1-0: Ball
2-0: Fly out, F2 (Popup, 23F)
Batting: RHB Dave Waller 0-0: Ball
1-0: Ball
2-0: Ball
3-0: Called Strike
3-1: Base on Balls
Gregory Johnson to second
Batting: RHB Ralph Johnson 0-0: Ball
1-0: Ball
2-0: Called Strike
2-1: Ball
3-1: Foul Ball, location: 2F
3-2: Fly out, F6 (Popup, 4MD)
Batting: RHB Tim Mayfield 0-0: Called Strike
0-1: Ball
1-1: Ball
2-1: Foul Ball, location: 2F
2-2: Ball
3-2: Strikes out swinging
Bottom of the 3rd over - 1 run(s), 2 hit(s), 0 error(s), 2 left on base; Elkford 6 - Colorado Springs 4
TOP OF THE 4TH
Elkford Roadrunners batting - Pitching for Colorado Springs Velocity : RHP Raúl Hughes
Batting: RHB Jim Unknown 0-0: Foul Ball, location: 2F
0-1: Ball
1-1: Ball
2-1: Fly out, F7 (Flyball, 7LM)
Batting: RHB Luis Silva 0-0: Ball
1-0: Called Strike
1-1: Foul Ball, location: 2F
1-2: Foul Ball, location: 2F
1-2: Strikes out looking
Batting: RHB Cal Jackson 0-0: Foul Ball, location: 2F
0-1: Ball
1-1: Foul Ball, location: 2F
1-2: Ball
2-2: Ball
3-2: Foul Ball, location: 2F
3-2: Strikes out swinging
Top of the 4th over - 0 run(s), 0 hit(s), 0 error(s), 0 left on base; Elkford 6 - Colorado Springs 4
BOTTOM OF THE 4TH
Colorado Springs Velocity batting - Pitching for Elkford Roadrunners : RHP Warren Roberts
Batting: LHB Víctor Cedeño 0-0: Ball
1-0: Ball
2-0: Ball
3-0: Base on Balls
Batting: RHB Jim Unknown 0-0: Ball
1-0: Called Strike
1-1: Foul Ball, location: 2F
1-2: Strikes out swinging
Batting: RHB Marcos Rivera 0-0: Foul Ball, location: 2F
0-1: Called Strike
0-2: Ball
1-2: Grounds into double play, 5-4-3 (Groundball, 5)
Bottom of the 4th over - 0 run(s), 0 hit(s), 0 error(s), 0 left on base; Elkford 6 - Colorado Springs 4
TOP OF THE 5TH
Elkford Roadrunners batting - Pitching for Colorado Springs Velocity : RHP Raúl Hughes
Batting: LHB Johnny Hernández 0-0: Ball
1-0: Ball
2-0: Swinging Strike
2-1: Ball
3-1: Swinging Strike
3-2: Strikes out swinging
Batting: RHB Jack O'Brien 0-0: Ball
1-0: Called Strike
1-1: Swinging Strike
1-2: Strikes out swinging
Batting: RHB Roberto Andrade 0-0: Ball
1-0: SINGLE (Flyball, 7LS)
Batting: SHB Al Anderson 0-0: Called Strike
0-1: Ball
Roberto Andrade is caught stealing 2nd base
Top of the 5th over - 0 run(s), 1 hit(s), 0 error(s), 0 left on base; Elkford 6 - Colorado Springs 4
BOTTOM OF THE 5TH
Colorado Springs Velocity batting - Pitching for Elkford Roadrunners : RHP Warren Roberts
Batting: SHB Jack Bell 0-0: SINGLE (Line Drive, 34D)
Batting: LHB Gregory Johnson 0-0: DOUBLE (Flyball, 9LS)
Jack Bell to third
Batting: RHB Robert Hill 0-0: Fly out, F9 (Flyball, 9M)
Runner from 3rd tags up, SCORES, no throw
Batting: RHB Dave Waller 0-0: Ball
1-0: Foul Ball, location: 2F
1-1: Called Strike
1-2: Strikes out swinging
Batting: RHB Ralph Johnson 0-0: Ball
1-0: Ground out 1-3 (Groundball, 13S)
Bottom of the 5th over - 1 run(s), 2 hit(s), 0 error(s), 1 left on base; Elkford 6 - Colorado Springs 5
TOP OF THE 6TH
Elkford Roadrunners batting - Pitching for Colorado Springs Velocity : RHP Raúl Hughes
Batting: SHB Al Anderson 0-0: Fly out, F8 (Flyball, 8RS)
Batting: RHB Jim Unknown 0-0: Called Strike
0-1: Called Strike
0-2: Strikes out swinging
Pitching: LHP Jorge Castillo
Batting: LHB Lance Schiffer 0-0: Called Strike
0-1: Foul Ball, location: 2F
0-2: Ball
1-2: Ball
2-2: Ball
3-2: Foul Ball, location: 2F
3-2: Foul Ball, location: 2F
Error on foul ball, E3
3-2: SINGLE (Line Drive, 78M)
Pitching: RHP Kelly Hyde
Batting: RHB Jim Unknown 0-0: Ball
1-0: Foul Ball, location: 2F
1-1: Ball
Lance Schiffer steals 2nd base
2-1: Foul Ball, location: 2F
2-2: Ball
3-2: Base on Balls
Batting: RHB Luis Silva 0-0: Ball
1-0: Called Strike
1-1: Called Strike
1-2: Strikes out swinging
Top of the 6th over - 0 run(s), 1 hit(s), 1 error(s), 2 left on base; Elkford 6 - Colorado Springs 5
BOTTOM OF THE 6TH
Colorado Springs Velocity batting - Pitching for Elkford Roadrunners : RHP Warren Roberts
Batting: RHB Tim Mayfield 0-0: Ball
1-0: Called Strike
1-1: Ball
2-1: Fly out, F8 (Flyball, 8LM)
Batting: LHB Víctor Cedeño 0-0: Ball
1-0: Ball
2-0: Ball
3-0: Called Strike
3-1: Foul Ball, location: 2F
3-2: Strikes out swinging
Batting: RHB Jim Unknown 0-0: Ball
1-0: Called Strike
1-1: Ball
2-1: Foul Ball, location: 2F
2-2: Strikes out looking
Bottom of the 6th over - 0 run(s), 0 hit(s), 0 error(s), 0 left on base; Elkford 6 - Colorado Springs 5
TOP OF THE 7TH
Elkford Roadrunners batting - Pitching for Colorado Springs Velocity : RHP Kelly Hyde
Batting: RHB Cal Jackson 0-0: Called Strike
0-1: Foul Ball, location: 2F
0-2: Ball
1-2: Strikes out looking
Batting: LHB Johnny Hernández 0-0: Ball
1-0: Ball
2-0: Foul Ball, location: 2F
2-1: Ball
3-1: Fly out, F8 (Flyball, 8RS)
Batting: RHB Jack O'Brien 0-0: Ball
1-0: Foul Ball, location: 2F
1-1: Ball
2-1: Ball
3-1: Base on Balls
Pitching: RHP Harlan Harris
Batting: RHB Roberto Andrade 0-0: Ball
1-0: Ball
2-0: Ball
3-0: Called Strike
3-1: SINGLE (Groundball, 5S)
Jack O'Brien to second
Batting: SHB Al Anderson 0-0: Ball
1-0: Called Strike
1-1: Foul Ball, location: 2F
1-2: Foul Ball, location: 2F
1-2: Ball
2-2: SINGLE (Line Drive, 89M)
Jack O'Brien to third
Roberto Andrade to second
Runner from 3rd tries for Home, SAFE, throw made home
Pinch Hitting: SHB Jim Unknown 0-0: Swinging Strike
0-1: Foul Ball, location: 2F
0-2: Hit by Pitch
Roberto Andrade to third
Al Anderson to second
Batting: LHB Lance Schiffer 0-0: Ball
1-0: Swinging Strike
1-1: DOUBLE (Line Drive, 8RM)
Roberto Andrade scores
Al Anderson scores
Jim Unknown to third
Pitching: RHP Del Green
Batting: RHB Jim Unknown 0-0: Fly out, F7 (Line Drive, 7M)
Top of the 7th over - 3 run(s), 3 hit(s), 0 error(s), 2 left on base; Elkford 9 - Colorado Springs 5
BOTTOM OF THE 7TH
Colorado Springs Velocity batting - Pitching for Elkford Roadrunners : RHP Warren Roberts
Now at 2B: Jim Unknown
Batting: RHB Marcos Rivera 0-0: SINGLE (Line Drive, 56D)
Batting: SHB Jack Bell 0-0: Foul Ball, location: 2F
0-1: Called Strike
0-2: Ball
Single, Error in OF, E7, batter to second base
Marcos Rivera to third
Batting: LHB Gregory Johnson 0-0: Ball
1-0: SINGLE (Line Drive, 56)
Marcos Rivera scores
Jack Bell to third
Pitching: RHP Mike Derdire
Batting: RHB Robert Hill 0-0: Called Strike
0-1: Foul Ball, location: 2F
0-2: Ball
1-2: Ball
2-2: Foul Ball, location: 2F
2-2: SINGLE (Groundball, 4MD)
Jack Bell scores
Gregory Johnson to second
Batting: RHB Dave Waller 0-0: Ball
1-0: Ball
2-0: Swinging Strike
2-1: Swinging Strike
2-2: Ball
3-2: Base on Balls
Gregory Johnson to third
Robert Hill to second
Pinch Hitting: LHB Melvin Bauer 0-0: Swinging Strike
0-1: Hit by Pitch
Gregory Johnson scores
Robert Hill to third
Dave Waller to second
Pinch Hitting: LHB Gunner Harmon 0-0: Ball
Passed Ball!
Robert Hill scores
Dave Waller to third
Melvin Bauer to second
1-0: Intentional Walk
Pinch Hitting: LHB Nick Schlueter 0-0: Ball
1-0: Swinging Strike
1-1: Grounds into fielders choice 1-2 (Groundball, 25)
Melvin Bauer to third
Gunner Harmon to second
Batting: RHB Jim Unknown 0-0: Called Strike
0-1: Ball
1-1: Foul Ball, location: 2F
1-2: Foul Ball, location: 2F
1-2: Foul Ball, location: 2F
1-2: Strikes out swinging
Pinch Hitting: RHB Jesús Benítez 0-0: Ball
1-0: Foul Ball, location: 2F
1-1: Fly out, F9 (Flyball, 89M)
Bottom of the 7th over - 4 run(s), 4 hit(s), 1 error(s), 3 left on base; Elkford 9 - Colorado Springs 9
TOP OF THE 8TH
Elkford Roadrunners batting - Pitching for Colorado Springs Velocity : RHP Del Green
Now at 1B: Melvin Bauer
Now at SS: Carl Hall
Now in LF: Nick Schlueter
Now in RF: Jesús Benítez
Batting: RHB Luis Silva 0-0: Ball
1-0: Swinging Strike
1-1: Ball
2-1: SINGLE (Flyball, 3D)
Pinch Hitting: RHB Jim Unknown 0-0: Ball
1-0: Ball
2-0: Ball
3-0: Base on Balls
Luis Silva to second
Pinch Hitting: RHB Steve McLeod 0-0: SINGLE (Line Drive, 78M)
Luis Silva to third
Jim Unknown to second
Batting: RHB Jack O'Brien 0-0: Called Strike
0-1: Called Strike
0-2: Strikes out swinging
Batting: RHB Roberto Andrade 0-0: Called Strike
0-1: Ball
1-1: Swinging Strike
1-2: Foul Ball, location: 2F
1-2: Foul Ball, location: 2F
1-2: Ball
2-2: Ball
3-2: Base on Balls
Luis Silva scores
Jim Unknown to third
Steve McLeod to second
Batting: SHB Al Anderson 0-0: Foul Ball, location: 2F
0-1: Ball
1-1: Grounds out, U3 (Groundball, 3L)
Jim Unknown scores
Steve McLeod to third
Pitching: LHP John Hamilton
Batting: SHB Jim Unknown 0-0: Ball
1-0: Ball
Wild Pitch!
Steve McLeod scores
Roberto Andrade to third
2-0: Ball
3-0: Called Strike
3-1: Base on Balls
Batting: LHB Lance Schiffer 0-0: Ball
1-0: Ball
2-0: Swinging Strike
2-1: Ball
3-1: SINGLE (Line Drive, 8RS)
Roberto Andrade scores
Jim Unknown to second
Batting: RHB Jim Unknown 0-0: Ball
1-0: Foul Ball, location: 2F
1-1: Swinging Strike
1-2: Ball
2-2: Foul Ball, location: 2F
2-2: Strikes out swinging
Top of the 8th over - 4 run(s), 3 hit(s), 0 error(s), 2 left on base; Elkford 13 - Colorado Springs 9
BOTTOM OF THE 8TH
Colorado Springs Velocity batting - Pitching for Elkford Roadrunners : RHP Mike Derdire
Now in CF: Steve McLeod
Now in RF: Jim Unknown
Batting: SHB Jack Bell 0-0: Called Strike
0-1: Ball
1-1: Swinging Strike
1-2: Strikes out swinging
Batting: LHB Gregory Johnson 0-0: Ball
1-0: Fly out, F9 (Flyball, 9LM)
Batting: RHB Robert Hill 0-0: Ball
1-0: Foul Ball, location: 2F
1-1: Swinging Strike
1-2: Foul Ball, location: 2F
1-2: Ball
2-2: Strikes out looking
Bottom of the 8th over - 0 run(s), 0 hit(s), 0 error(s), 0 left on base; Elkford 13 - Colorado Springs 9
TOP OF THE 9TH
Elkford Roadrunners batting - Pitching for Colorado Springs Velocity : LHP John Hamilton
Pitching: RHP Anthony McLaughlin
Batting: RHB Luis Silva 0-0: Ball
1-0: Ball
2-0: Ball
3-0: Called Strike
3-1: Ground out 4-3 (Groundball, 4)
Pitching: RHP Jim Unknown
Batting: RHB Jim Unknown 0-0: Called Strike
0-1: Ball
1-1: Called Strike
1-2: Strikes out swinging
Batting: RHB Steve McLeod 0-0: Ball
1-0: Called Strike
1-1: SINGLE (Flyball, 7LM)
Batting: RHB Jack O'Brien 0-0: Called Strike
0-1: Ball
1-1: Ball
2-1: Reached on error, E5 (Groundball, 56S)
Steve McLeod to third
Batting: RHB Roberto Andrade 0-0: Ball
Wild Pitch!
Steve McLeod scores
Jack O'Brien to third
1-0: SINGLE (Line Drive, 56)
Jack O'Brien scores
Batting: SHB Al Anderson 0-0: Ground out 4-3 (Groundball, 4)
Top of the 9th over - 2 run(s), 2 hit(s), 1 error(s), 1 left on base; Elkford 15 - Colorado Springs 9
BOTTOM OF THE 9TH
Colorado Springs Velocity batting - Pitching for Elkford Roadrunners : RHP Mike Derdire
Batting: RHB Dave Waller 0-0: Ground out 6-3 (Groundball, 6)
Batting: LHB Melvin Bauer 0-0: Foul Ball, location: 2F
0-1: Foul Ball, location: 2F
0-2: Ball
1-2: Ball
2-2: Ball
3-2: Foul Ball, location: 2F
3-2: Strikes out swinging
Batting: RHB Carl Hall 0-0: Ground out 5-3 (Groundball, 56)
Bottom of the 9th over - 0 run(s), 0 hit(s), 0 error(s), 0 left on base; Elkford 15 - Colorado Springs 9
This league is powered by Out of the Park Baseball, the baseball management simulation game for PC, Mac and Linux
Saturday, February 27th, 2021 - OOTP Baseball 15.6 Build 34